 Dungeon Crawl Stone Soup version 0.31.0-11-ge490571c62 (webtiles) character file.

Game seed: 7501641032146799734

333 Goblin1989 the Cudgeller (level 6, -6/48 HPs)
             Began as a Demonspawn Cinder Acolyte on Feb 4, 2024.
             Was a High Priest of Ignis.
             Mangled by a gnoll
             ... wielding a +0 flail
             ... led by a gnoll bouda
              (8 damage)
             ... on level 4 of the Dungeon.
             The game lasted 00:08:15 (3024 turns).

Goblin1989 the Cudgeller (DsCA)                     Turns: 3024, Time: 00:08:16

Health: -6/48      AC:  0    Str: 15    XL:     6   Next: 27%
Magic:  7/7        EV: 16    Int: 16    God:    Ignis [*****.]
Gold:   109        SH:  0    Dex:  8    Spells: 7/7 levels left

rFire   + . .        i - +0 morningstar
rCold   . . .        (no shield)
rNeg    . . .        b - +0 robe
rPois   .            k - +0 helmet
rElec   .            (no cloak)
rCorr   .            (no gloves)
SInv    .            (no boots)
Will    .....        (no amulet)
Stlth   +            l - ring of flight
HPRegen 0.28/turn    p - +5 ring of evasion
MPRegen 0.10/turn

%: no passive effects
@: corroded, flying
A: rugged brown scales 1, foul stench 1, powered by pain 1
a: Renounce Religion, Fiery Armour, Foxfire Swarm, Rising Flame


You were on level 4 of the Dungeon.
You worshipped Ignis.
Ignis was extremely pleased with you.
You visited 1 branch of the dungeon, and saw 4 of its levels.

You collected 109 gold pieces.

Inventory:

Hand Weapons
 a - a -1 mace of flaming
 i - a +0 morningstar (weapon)
Missiles
 h - 8 curare-tipped darts (quivered)
Armour
 b - a +0 robe (worn)
 k - a +0 helmet (worn)
Magical Staves
 j - a staff of alchemy
 n - the staff of Indomitability {rN+ rCorr MP-9 Stlth+ Necro Tloc}
   (You found it on level 4 of the Dungeon)

   [staff of death]

   Base accuracy: +5 Base damage: 5 Base attack delay: 1.2 This weapon's minimum
   attack delay (0.6) is reached at skill level 12.
   rN+:       It protects you from negative energy.
   MP-9:      It affects your magic capacity (-9).
   rCorr:     It protects you from acid and corrosion.
   Stlth+:    It makes you more stealthy.
   Necro:     It increases the power of your Necromancy spells.
   Tloc:      It increases the power of your Translocations spells.
   It falls into the 'Staves' category.
   It is a one-handed weapon.
Jewellery
 l - a ring of flight (left hand)
 p - a +5 ring of evasion (right hand)
Scrolls
 c - a scroll of teleportation {unknown}
 e - 4 scrolls of identify {unknown}
 m - a scroll of vulnerability {unknown}
 o - a scroll of immolation {unknown}
 q - a scroll of brand weapon {unknown}
Potions
 d - a potion of cancellation {unknown}
 f - a potion of ambrosia {unknown}
 g - 2 potions of curing {unknown}


   Skills:
 - Level 3.0 Fighting
 + Level 6.5 Maces & Flails
 - Level 1.0 Spellcasting
 - Level 2.6 Fire Magic


You had 7 spell levels left.
You didn't know any spells.
Your spell library contained the following spells:

 Spells                   Type           Power      Damage    Failure   Level
 Scorch                   Fire           18%        2d5       12%         2
 Ensorcelled Hibernation  Hex/Ice        0%         N/A       34%         2
 Fugue of the Fallen      Necr           0%         N/A       56%         3
 Anguish                  Hex/Necr       0%         N/A       92%         4


Dungeon Overview and Level Annotations

Branches:
Dungeon (4/15) Zot: 20931
 Temple: D:4-7

Altars:

Shops:
D:2 *=

Annotations:
D:2 1 runed translucent door, Crazy Yiuf, Terence


Innate Abilities, Weirdness & Mutations

You are partially covered in rugged brown scales. (AC +1, +3% HP)
You may rarely emit foul miasma when damaged in melee.
You sometimes gain a little power by taking damage.


Message History

No target in view!
No target in view!
No target in view!
No target in view!
No target in view!
No target in view!
No target in view!
No target in view!
No target in view!
No target in view!
No target in view!
No target in view!
No target in view!
Found a stone staircase leading down.
Health restored: 48
p - a +5 ring of evasion You reach down and open the door.
There is a stone staircase leading down here.
q - a scroll labelled YLITAIJEAVO
Okay, then.
p - a +5 ring of evasion (right hand)
Found a stone staircase leading up.
A kobold comes into view. It is wielding a +0 dagger.
A gnoll comes into view. It is wielding a +0 spear.
The kobold shouts!
You hear a shout!
A jelly comes into view.
The jelly quivers.
The gnoll shouts!
You hear a shout! x2
A quokka comes into view.
A gnoll comes into view.
It is wielding a +0 flail and quivering a throwing net.
A gnoll comes into view. It is wielding a +0 spear.
The gnoll shouts!
You hit the kobold.
The kobold is heavily wounded.
The kobold misses you.
A gnoll bouda comes into view. It is wielding a +0 club.
You barely miss the kobold.
The kobold is heavily wounded.
The gnoll throws a throwing net.
The throwing net barely misses you. The kobold misses you.
A gnoll comes into view. It is wielding a +0 spear.
The kobold hits you but does no damage.
You puncture the kobold!
You kill the kobold!
The jelly hits you.
You are splashed with acid.
The gnoll misses you.
A gnoll comes into view. It is wielding a +0 club.
The quokka bites you.
You hit the jelly.
Your hands burn!
The jelly is lightly wounded.
The quokka completely misses you. The jelly misses you.
The gnoll hits you but does no damage.
You take 15 damage, and have 33/48 hp.
MASSIVE DAMAGE!!
You puncture the jelly! The acid corrodes you!
Your hands burn!
The jelly is heavily wounded.
The quokka bites you. The jelly barely misses you. The gnoll barely misses you.
The gnoll bouda barks out a call to the hunt!
The gnolls pick up the pace!
You take 3 damage, and have 30/48 hp.
You hit the jelly.
Your hands burn!
The jelly is severely wounded.
The quokka misses you. The jelly barely misses you.
The gnoll barely misses you. The quokka completely misses you.
The gnoll hits you from afar with a +0 spear.
The gnoll completely misses you.
You take 5 damage, and have 25/48 hp.
You are too injured to fight recklessly!
You are too injured to fight recklessly!
Unknown command.
The gnoll attacks as it pursues you! The gnoll misses you.
The quokka attacks as it pursues you! The quokka closely misses you.
The gnoll attacks as it pursues you! The gnoll barely misses you.
The jelly attacks as it pursues you! The jelly hits you.
You are splashed with acid!
* * * LOW HITPOINT WARNING * * *
You emit a cloud of foul miasma!
The gnoll closely misses you. x2
You take 10 damage, and have 15/48 hp.
MASSIVE DAMAGE!!
The gnoll bouda gazes fiercely through you!
You feel your attacks grow feeble.
The jelly is engulfed in dark miasma.
You kill the jelly!
The gnoll attacks as it pursues you! The gnoll hits you with a +0 flail!
* * * LOW HITPOINT WARNING * * *
You take 12 damage, and have 3/48 hp.
MASSIVE DAMAGE!!
The gnoll attacks as it pursues you! The gnoll misses you.
The gnoll attacks as it pursues you! The gnoll closely misses you.
The gnoll attacks as it pursues you! The gnoll hits you with a +0 flail.
* * * LOW HITPOINT WARNING * * *
The gnoll barely misses you.
You take 2 damage, and have 1/48 hp.
Throw: 9 darts (curare)
Press: ? - help, Q - select action Shift-Dir - straight line, f - gnoll
Aim: a gnoll, wielding a +0 flail (covering ground quickly, 54% to hit)
You throw a curare-tipped dart.
The curare-tipped dart barely misses the gnoll.
The curare-tipped dart closely misses the quokka.
The curare-tipped dart closely misses the gnoll.
The gnoll barely misses you.
Your attacks no longer feel as feeble.
The gnoll attacks as it pursues you! The gnoll hits you with a +0 flail!
You die...

█........... █...........
█........... █.g.........
████████████.g..)......
█████............r.(.......
██
█.......█████████.█████████
.████.......█████████.██████
................@g.rgg..(....
███.█.......█████████████████
███.███████.█ .......<█.█.█
████.████.█.█ ...█.███....█
..........███ .....██████
.....█


You could see 3 gnolls and a quokka.

Vanquished Creatures
  2 kobold brigands (D:3)
  A howler monkey (D:4)
  A jelly (D:4)
  A gnoll bouda (D:4)
  4 gnolls (D:4)
  An adder (D:4)
  A ribbon worm (D:4)
  2 dart slugs
  3 bats
  4 endoplasms
  2 giant cockroaches
  A goblin (D:2)
  2 hobgoblins (D:3)
  7 jackals
  A ball python (D:4)
  5 frilled lizards
  10 kobolds
  3 rats
51 creatures vanquished.

Notes
Turn   | Place    | Note
-------+----------+-------------------------------------------
     0 | D:1      | Goblin1989 the Demonspawn Cinder Acolyte began the quest
                  | for the Orb.
     0 | D:1      | Reached XP level 1. HP: 18/18 MP: 2/2
   127 | D:1      | Reached skill level 3 in Maces & Flails
   261 | D:1      | Found a faded altar of an unknown god.
   459 | D:1      | Gained mutation: You sometimes gain a little power by
                  | taking damage. [demonic ancestry]
   459 | D:1      | Reached XP level 2. HP: 24/24 MP: 3/3
   887 | D:2      | Found Lydusch's General Store.
   910 | D:2      | Found Eggyun Jeor's Jewellery Emporium.
   990 | D:2      | Found a runed translucent door.
   991 | D:2      | Noticed Crazy Yiuf
  1027 | D:2      | Noticed Terence
  1419 | D:3      | Gained mutation: You may rarely emit foul miasma when
                  | damaged in melee. [demonic ancestry]
  1419 | D:3      | Reached XP level 3. HP: 24/29 MP: 4/4
  1473 | D:3      | Noticed a kobold brigand
  1522 | D:3      | Killed a kobold brigand
  1523 | D:3      | Reached skill level 4 in Maces & Flails
  1523 | D:3      | Gained mutation: You are partially covered in rugged brown
                  | scales. (AC +1, +3% HP) [demonic ancestry]
  1523 | D:3      | Reached XP level 4. HP: 14/36 MP: 5/5
  1987 | D:3      | Noticed a kobold brigand
  1994 | D:3      | Killed a kobold brigand
  1995 | D:3      | Reached skill level 5 in Maces & Flails
  1995 | D:3      | Reached XP level 5. HP: 7/40 MP: 6/6
  2717 | D:4      | Reached skill level 6 in Maces & Flails
  2748 | D:4      | Reached XP level 6. HP: 48/48 MP: 7/7
  2827 | D:4      | Identified the staff of Indomitability {rN+ rCorr MP-9
                  | Stlth+ Necro Tloc}
  3020 | D:4      | HP: 1/48 [gnoll/+0 flail[a gnoll bouda] (2)]
  3024 | D:4      | Mangled by a gnoll

Illustrated notes

Levels and vault maps discovered:
D:1:      dpeg_arrival_concentric_ovals, layout_basic,
          hellmonk_ecumenical_altar_crossroads
D:2:      layout_rooms, serial_shops, shop, nicolae_shop_stone, shop,
          basic_altar, uniq_crazy_yiuf_cottage, uniq_terence
D:3:      cheibrodos_thug_alley, layout_basic
D:4:      layout_basic, hangedman_decor_lopped

Skill      XL: |  1  2  3  4  5 |
---------------+----------------+-----
Maces & Flails | 3 4 5 6 |  6.5
Fighting       | |  3.0
Spellcasting   | |  1.0
Fire Magic     | |  2.6

Action                     |  1- 3 |  4- 6 || total
---------------------------+-------+-------++-------
  Melee: Mace              |    92 |     8 ||   100
         Morningstar       |       |    68 ||    68
         Punch             |       |     1 ||     1
  Throw: Dart              |       |    15 ||    15
 Armour: Robe              |    66 |    62 ||   128
  Dodge: Dodged            |    51 |    65 ||   116
